 Dungeon Crawl Stone Soup version 0.31.0-11-ge490571c62 (webtiles) character file.

Game seed: 810082231576537436

107 stipulation the Grave Robber (level 4, -7/21 HPs)
             Began as a Vine Stalker Necromancer on Jan 29, 2024.
             Mangled by an iguana (10 damage)
             ... on level 4 of the Dungeon.
             The game lasted 00:02:40 (3620 turns).

stipulation the Grave Robber (VSNe)                 Turns: 3620, Time: 00:02:41

Health: -7/21      AC:  2    Str: 11    XL:     4   Next: 85%
Magic:  0/10       EV: 12    Int: 17    God:
Gold:   123        SH:  0    Dex: 14    Spells: 9/10 levels left

rFire   . . .        j - +1 dagger (holy)
rCold   . . .        (no shield)
rNeg    . . .        a - +0 robe
rPois   .            (no helmet)
rElec   .            (no cloak)
rCorr   .            (no gloves)
SInv    .            (no boots)
Will    .....        (no amulet)
Stlth   ++           (no ring)
HPRegen 1.03/turn    (no ring)
MPRegen 0.12/turn

%: guardian spirit
@: no status effects
A: fangs 2, regeneration 1, magic shield, antimagic bite, no potion heal 2
a: no special abilities


You were on level 4 of the Dungeon.
You visited 1 branch of the dungeon, and saw 4 of its levels.

You collected 123 gold pieces.

Inventory:

Hand Weapons
 j - a +1 dagger of holy wrath (weapon)
Armour
 a - a +0 robe (worn)
Jewellery
 l - an amulet of the acrobat
 m - a +4 ring of protection
Scrolls
 d - a scroll of enchant weapon {unknown}
 e - 6 scrolls of identify {unknown}
 f - a scroll of noise {unknown}
 g - 2 scrolls of revelation {unknown}
 i - a scroll of poison {unknown}
 k - a scroll of immolation {unknown}
 n - a scroll of amnesia {unknown}
Potions
 b - a potion of magic
 c - a potion of berserk rage {unknown}
 h - a potion of attraction {unknown}


   Skills:
 - Level 1.5 Dodging
 - Level 2.4 Stealth
 + Level 3.8 Spellcasting
 + Level 5.1 Necromancy


You had 9 spell levels left.
You knew the following spells:

 Your Spells              Type           Power      Damage    Failure   Level
a - Necrotise             Necr           80%        1d8       1%          1

Your spell library contained the following spells:

 Spells                   Type           Power      Damage    Failure   Level
 Vampiric Draining        Necr           20%        2d7       6%          3
 Animate Dead             Necr           20%        N/A       19%         4
 Call Canine Familiar     Summ           3%         N/A       43%         3
 Dazzling Flash           Conj/Hex       6%         N/A       43%         3
 Sigil of Binding         Hex            3%         N/A       43%         3
 Volatile Blastmotes      Fire/Tloc      6%         2d10      43%         3
 Curse of Agony           Necr           20%        N/A       47%         5
 Dimensional Bullseye     Hex/Tloc       1%         N/A       85%         4
 Starburst                Conj/Fire      1%         6d3       100%        6
 Maxwell's Capacitive Co  Air            1%         ∞         100%        8


Dungeon Overview and Level Annotations

Branches:
Dungeon (4/15)
 Temple: D:4-7

Altars:
Gozag
Uskayaw


Innate Abilities, Weirdness & Mutations

You have extremely sharp teeth.
Your natural rate of healing is unusually fast.
When hurt, damage is shared between your health and your magic reserves.
Your bite disrupts and absorbs the magic of your enemies.
Potions cannot restore your health.


Message History

The iguana writhes in agony.
The iguana bites you!
Ouch! That really hurt!
You are too injured to fight recklessly!
You are too injured to fight recklessly!
You are too injured to fight recklessly!
You are too injured to fight recklessly!
You are too injured to fight recklessly!
You are too injured to fight recklessly!
You are too injured to fight recklessly!
You are too injured to fight recklessly!
You are too injured to fight recklessly!
You are too injured to fight recklessly!
You are too injured to fight recklessly!
You are too injured to fight recklessly!
You are too injured to fight recklessly!
You are too injured to fight recklessly!
You are too injured to fight recklessly!
You are too injured to fight recklessly!
You are too injured to fight recklessly!
You are too injured to fight recklessly!
You are too injured to fight recklessly!
You are too injured to fight recklessly!
You are too injured to fight recklessly!
You are too injured to fight recklessly!
You are too injured to fight recklessly!
You closely miss the iguana. Your bite misses the iguana.
The iguana is almost dead.
The iguana barely misses you.
You hit the iguana but do no damage. You bite the iguana. You drain its power.
You feel invigorated.
The iguana is almost dead.
The iguana bites you!
* * * LOW HITPOINT WARNING * * *
Casting: Necrotise (safe; 1% risk of failure)
Confirm with . or Enter, or press ? or * to list all spells.
Aiming: Necrotise (safe; 1% risk of failure)
Press: ? - help, Shift-Dir - straight line, f/p - iguana
Aim: an iguana (almost dead, chance to affect: 84%)
The iguana barely resists.
The iguana bites you!
You die...

.............
..............
.............
#.......... ...
.#......... ....
.......... .....
##...##.###### .....
#.....l......##....#
...#..@...........##
.......####.........#..#
####... ##............
##.. ##........... ###
###.....#.....
#.#...(.......
##.............
##....##........
#.........|.....


You could see an iguana.

Vanquished Creatures
  An orc wizard (D:3)
  2 adders
  2 dart slugs
  3 ribbon worms
  4 orcs
  3 ball pythons
  3 bats (D:2)
  5 endoplasms
  2 goblins
  3 hobgoblins (D:2)
  7 jackals (D:1)
  A quokka (D:2)
  2 frilled lizards (D:3)
  3 kobolds
  4 rats
45 creatures vanquished.

Vanquished Creatures (collateral kills)
  A goblin (D:3)
  A jackal (D:1)
2 creatures vanquished.

Grand Total: 47 creatures vanquished

Notes
Turn   | Place    | Note
-------+----------+-------------------------------------------
     0 | D:1      | stipulation the Vine Stalker Necromancer began the quest
                  | for the Orb.
     0 | D:1      | Reached XP level 1. HP: 9/9 MP: 4/4
   211 | D:1      | Reached XP level 2. HP: 13/13 MP: 0/6
  1306 | D:2      | Reached XP level 3. HP: 16/16 MP: 2/8
  2300 | D:3      | Found a faded altar of an unknown god.
  2635 | D:3      | Found an opulent altar of Gozag.
  2636 | D:3      | Found a hide-covered altar of Uskayaw.
  2774 | D:3      | Reached XP level 4. HP: 21/21 MP: 1/10
  3235 | D:3      | Reached skill level 5 in Necromancy
  3620 | D:4      | Mangled by an iguana

Illustrated notes

Levels and vault maps discovered:
D:1:      dpeg_arrival_more_subterranean_lakeside_camping, layout_loops_corners,
          nicolae_figureground_pulse
D:2:      wad_crossroads, layout_basic
D:3:      layout_basic, nicolae_overflow_hidden_temple,
          ebering_ecumenical_altar_abandoned, kennysheep_big_empty_room
D:4:      layout_cave_pools, uniq_natasha

Skill      XL: |  1  2  3  4 |
---------------+-------------+-----
Spellcasting   | 3 |  3.8
Necromancy     | 5 |  5.1
Dodging        | |  1.5
Stealth        | |  2.4

Action                     |  1- 3 |  4- 6 || total
---------------------------+-------+-------++-------
  Melee: Unarmed           |    37 |       ||    37
         Bite              |    14 |     4 ||    18
         Dagger            |     2 |     7 ||     9
         Punch             |       |     1 ||     1
   Cast: Necrotise         |    68 |    33 ||   101
   Stab: Sleeping          |     1 |       ||     1
 Armour: Robe              |    34 |    12 ||    46
  Dodge: Dodged            |    37 |     8 ||    45
